 Dungeon Crawl Stone Soup version 0.18.1-47-g9310371 (webtiles) character file.

7613 rockintein the Cleaver (level 10, 0/94 HPs)
             Began as a Minotaur Berserker on June 20, 2016.
             Was a High Priest of Trog.
             Slain by a sun demon (16 damage)
             ... summoned by a kobold demonologist
             ... on level 12 of the Dungeon.
             The game lasted 00:16:16 (11288 turns).

rockintein the Cleaver (Minotaur Berserker)        Turns: 11288, Time: 00:16:17

Health: 0/94       AC: 18    Str: 25    XL:     10   Next: 98%
Magic:  9/9        EV:  8    Int:  4    God:    Trog [*****.]
Gold:   722        SH:  0    Dex: 12    Spells: 0 memorised, 9 levels left

rFire  . . .     SeeInvis .     x - +1 war axe
rCold  . . .     Gourm    .     u - +0 plate armour
rNeg   . . .     Faith    .     (no shield)
rPois  .         Spirit   .     (helmet restricted)
rElec  .         Dismiss  .     (no cloak)
rCorr  .         Reflect  .     (no gloves)
SustAt .         Harm     .     y - +2 pair of boots
MR     +....                    (no amulet)
Stlth  ..........               (no ring)
                                p - +2 ring of dexterity

@: vulnerable, regenerating, somewhat resistant to hostile enchantments,
extremely unstealthy
A: retaliatory headbutt, horns 2
a: Berserk, Trog's Hand, Brothers in Arms, Burn Spellbooks, Renounce Religion


You were on level 12 of the Dungeon.
You worshipped Trog.
Trog was extremely pleased with you.
You were full.

You visited 1 branch of the dungeon, and saw 12 of its levels.
You also visited: Sewer.

You collected 722 gold pieces.

Inventory:

Hand Weapons
 w - a +2 flail of protection
 x - a +1 war axe (weapon)
Armour
 u - a +0 plate armour (worn)
 y - a +2 pair of boots (worn)
Jewellery
 p - a +2 ring of dexterity (left hand)
Wands
 a - a wand of random effects (21/48)
 i - a wand of digging (0/24)
 n - a wand of iceblast (13/15)
 D - a wand of iceblast (3/15)
Scrolls
 d - a scroll of amnesia
 e - a scroll of enchant armour
 l - 4 scrolls of identify
 q - 3 scrolls of teleportation
 t - 4 scrolls of remove curse
Potions
 f - 4 potions of brilliance
 g - 2 potions of invisibility
 h - 8 potions of flight
 j - a potion of cure mutation
 k - 5 potions of curing
 v - a potion of magic
 z - a potion of might
 C - a potion of agility
 E - a potion of cancellation {unknown}
Books
 o - a book of Burglary

   Spells                             Type                      Level
   a - Swiftness                      Charms/Air                   2
   b - Passwall                       Transmutation/Earth          2
   c - Passage of Golubria            Translocation                4
   d - Lee's Rapid Deconstruction     Earth                        5
   e - Darkness                       Hexes                        6
   f - Invisibility                   Hexes                        6
   Trog disapproves of the use of such an item.
 s - a book of Alchemy

   Spells                             Type                      Level
   a - Sublimation of Blood           Necromancy                   2
   b - Ignite Poison                  Fire/Transmutation/Poison    3
   c - Petrify                        Transmutation/Earth          4
   d - Alistair's Intoxication        Transmutation/Poison         5
   e - Irradiate                      Conjuration/Transmutation    5
   Trog disapproves of the use of such an item.
 B - a book of Envenomations

   Spells                             Type                      Level
   a - Spider Form                    Transmutation/Poison         3
   b - Olgreb's Toxic Radiance        Poison                       4
   c - Alistair's Intoxication        Transmutation/Poison         5
   d - Poisonous Cloud                Conjuration/Poison/Air       6
   Trog disapproves of the use of such an item.
Comestibles
 c - 3 bread rations
 r - 4 meat rations


   Skills:
 + Level 10.8 Fighting
 * Level 14.1 Axes
 + Level 10.2 Armour
 - Level 2.1 Dodging


You had 9 spell levels left.
You didn't know any spells.

Dungeon Overview and Level Annotations

Branches:
Dungeon (11/15)            Temple (0/1) D:7            Lair (0/8) D:9
    Orc: D:9-12

Altars:
Cheibriados
Dithmenos
Gozag
Kikubaaqudgha
Makhleb
Nemelex Xobeh
Pakellas
Ru
Trog
Xom
Yredelemnul
Zin
Lugonu

Shops:
D:3 }

Portals:
Trove: D:10 (give +4 ice dragon armour)


Innate Abilities, Weirdness & Mutations

You reflexively headbutt those who attack you in melee.
You have a pair of horns on your head.


Message History

Your skin crawls.
You feel resistant to hostile enchantments.
You feel slightly less full. The sun demon hits you.
You are engulfed in flames!!
The slime creature hits something!
The kobold demonologist hits you but does no damage.
You hit the sun demon but do no damage. Your headbutt misses the sun demon.
The sun demon is heavily wounded.
You barely miss the kobold demonologist.
The kobold demonologist is severely wounded.
The sun demon hits you but does no damage.
The slime creature hits the plant!!
You closely miss the sun demon.
The sun demon is heavily wounded.
You hit the kobold demonologist but do no damage.
The kobold demonologist is severely wounded.
The kobold demonologist closely misses you.
The sun demon hits you!!
* * * LOW HITPOINT WARNING * * *
You are engulfed in flames!
You die...

.. ..#....#+####
..♣#####....#....#
.#P.P.#P...#....#
#....#P..#.....
###P..P#P.......
.......#P...≈#####
#≈....§)..P......+
.≈.._.3@..§......#
P..§.≈K'#.§......#
..#P...#P#..§....#
#P...#P#P♣######
#....♣PJ..
#..♣.##J... #P####
.♣.... .. ....#...


You could see 2 slime creatures, a sun demon and a kobold demonologist.

Vanquished Creatures
  An unseen horror (D:11)
  2 kobold demonologists (D:12)
  A two-headed ogre (D:9)
  A wyvern (D:9)
  7 humans (D:10)
  A hippogriff (D:5)
  2 hungry ghosts (D:10)
  2 hell hounds (D:9)
  4 sky beasts
  2 phantoms
  3 orc warriors
  A black bear (D:6)
  3 ice beasts
  4 ogres
  A wasp (D:8)
  A necrophage (D:9)
  2 centaurs
  A big kobold (Sewer)
  9 giant frogs
  A gnoll sergeant (D:9)
  6 killer bees (D:7)
  2 scorpions
  5 wights (D:7)
  2 howler monkeys
  2 vampire bats (D:3)
  A centaur zombie (D:7)
  2 crimson imps
  4 hounds
  A giant frog skeleton (D:8)
  2 orc priests (D:9)
  Ijyb (D:2)
  2 centaur skeletons
  Jessica (D:10)
  Terence (D:2)
  3 iguanas
  8 orc wizards
  Natasha (thrice) (D:2)
  9 worker ants
  3 sheep (D:10)
  A hound skeleton (D:9)
  A howler monkey zombie (D:5)
  A worker ant zombie (D:5)
  Robin (D:2)
  3 gnolls (D:9)
  A howler monkey skeleton (D:8)
  A river rat (Sewer)
  9 adders
  3 shadow imps
  2 oozes
  2 adder skeletons
  A worm (D:2)
  4 giant geckos
  29 orcs
  A ball python (D:2)
  A bat skeleton (D:3)
  5 bat zombies (D:3)
  14 giant cockroaches
  15 goblins
  4 hobgoblins
  12 jackals
  8 quokkas
  9 bats
  A giant cockroach zombie (D:5)
  6 giant newts
  A jackal zombie (D:8)
  14 kobolds
  2 quokka skeletons
  13 rats
272 creatures vanquished.

Vanquished Creatures (others)
  An orc wizard (D:9)
1 creature vanquished.

Grand Total: 273 creatures vanquished

Notes
Turn   | Place    | Note
--------------------------------------------------------------
     0 | D:1      | rockintein the Minotaur Berserker began the quest for the Orb.
     0 | D:1      | Reached XP level 1. HP: 19/19 MP: 0/0
   176 | D:1      | Reached XP level 2. HP: 26/27 MP: 1/1
   210 | D:1      | Reached skill level 4 in Axes
   491 | D:1      | Reached ** piety under Trog
   590 | D:1      | Reached XP level 3. HP: 33/33 MP: 2/2
   890 | D:2      | Noticed Natasha
   899 | D:2      | Killed Natasha
  1029 | D:2      | Reached XP level 4. HP: 38/41 MP: 3/3
  1036 | D:2      | Noticed Ijyb
  1039 | D:2      | Reached skill level 5 in Axes
  1047 | D:2      | Killed Ijyb
  1131 | D:2      | Noticed Natasha
  1137 | D:2      | Killed Natasha
  1137 | D:2      | Reached XP level 5. HP: 45/47 MP: 4/4
  1212 | D:2      | Noticed Terence
  1219 | D:2      | Killed Terence
  1256 | D:2      | Noticed Natasha
  1263 | D:2      | Killed Natasha
  1343 | D:2      | Noticed Robin
  1358 | D:2      | Killed Robin
  1358 | D:2      | Reached skill level 5 in Fighting
  1590 | D:2      | Reached skill level 6 in Axes
  1635 | D:2      | Reached *** piety under Trog
  1976 | D:3      | Found an opulent altar of Gozag.
  2249 | D:3      | Found a glowing drain.
  2259 | D:3      | Reached XP level 6. HP: 56/56 MP: 5/5
  2333 | Sewer    | Entered a sewer
  2658 | Sewer    | Found a glowing silver altar of Zin.
  2845 | D:3      | Found an oddly glowing altar of Pakellas.
  2845 | D:3      | Found Pakellas's Prime Provisions.
  3184 | D:3      | Found an ancient bone altar of Kikubaaqudgha.
  3185 | D:3      | Reached skill level 7 in Axes
  3243 | D:4      | Reached **** piety under Trog
  3243 | D:4      | Reached XP level 7. HP: 55/62 MP: 6/6
  3754 | D:4      | Reached skill level 5 in Armour
  3825 | D:4      | Found a shadowy altar of Dithmenos.
  4249 | D:5      | Entered Level 5 of the Dungeon
  4846 | D:5      | Reached skill level 8 in Axes
  5072 | D:5      | Noticed a hippogriff
  5080 | D:5      | Killed a hippogriff
  5499 | D:6      | Reached XP level 8. HP: 68/71 MP: 7/7
  5553 | D:6      | Reached skill level 9 in Axes
  5688 | D:6      | Found a snail-covered altar of Cheibriados.
  5789 | D:6      | Found a sacrificial altar of Ru.
  5789 | D:6      | Found a basalt altar of Yredelemnul.
  5790 | D:6      | Found a glowing silver altar of Zin.
  5829 | D:6      | Found a sparkling altar of Nemelex Xobeh.
  6037 | D:6      | Found a sparkling altar of Nemelex Xobeh.
  6572 | D:7      | Found a shimmering altar of Xom.
  6699 | D:7      | Found a staircase to the Ecumenical Temple.
  6735 | D:7      | Reached skill level 10 in Axes
  6938 | D:7      | Reached XP level 9. HP: 69/81 MP: 8/8
  7269 | D:7      | Reached skill level 11 in Axes
  7380 | D:7      | Found a bloodstained altar of Trog.
  8538 | D:8      | Reached skill level 12 in Axes
  8695 | D:9      | Found a staircase to the Lair.
  9139 | D:9      | Found a bloodstained altar of Trog.
  9168 | D:9      | Reached XP level 10. HP: 83/91 MP: 9/9
  9321 | D:9      | Reached ***** piety under Trog
  9392 | D:9      | Found a shadowy altar of Dithmenos.
  9482 | D:9      | Reached skill level 10 in Fighting
  9492 | D:9      | Received a gift from Trog
  9729 | D:9      | Found a burning altar of Makhleb.
  9941 | D:10     | Entered Level 10 of the Dungeon
 10159 | D:10     | Reached skill level 13 in Axes
 10293 | D:10     | Noticed Jessica
 10323 | D:10     | Killed Jessica
 10631 | D:10     | Found a portal to a secret trove of treasure.
 10673 | D:10     | Paralysed by fainting for 6 turns
 10932 | D:11     | Killed an unseen horror
 10932 | D:11     | Reached skill level 14 in Axes
 10932 | D:11     | Reached skill level 10 in Armour
 11256 | D:11     | You fall through a shaft!
 11264 | D:12     | Found a corrupted altar of Lugonu.
 11275 | D:12     | Noticed a sun demon
 11288 | D:12     | Slain by a sun demon

Skill      XL: |  1  2  3  4  5  6  7  8  9 10 |
---------------+-------------------------------+-----
Fighting       | 4 5 6 8 9 10 | 10.8
Axes           | 4 5 6 7 8 10 12 14 | 14.1
Armour         | 3 4 5 7 8 10 | 10.2
Dodging        | |  2.1

Action                   |  1- 3 |  4- 6 |  7- 9 | 10-12 || total
-------------------------+-------+-------+-------+-------++-------
Melee: Hand axe          |    59 |   166 |    78 |       ||   303
       Headbutt          |    10 |    30 |    72 |    55 ||   167
       War axe           |       |       |   238 |   238 ||   476
Invok: Berserk           |       |     2 |     1 |     1 ||     4
       Trog's Hand       |       |     1 |     2 |     6 ||     9
  Use: Scroll            |       |     7 |     6 |     1 ||    14
       Potion            |       |     5 |     7 |       ||    12
  Eat: Chunk             |       |     9 |    16 |     9 ||    34
       Meat ration       |       |       |     1 |     1 ||     2
       Pizza             |       |       |       |     1 ||     1
       Beef jerky        |       |       |       |     1 ||     1
Armor: Ring mail         |     3 |       |       |       ||     3
       Scale mail        |     7 |       |       |       ||     7
       Chain mail        |    21 |   106 |   156 |       ||   283
       Plate armour      |       |       |    23 |   197 ||   220
Dodge: Dodged            |    28 |    79 |   141 |    88 ||   336
